 Dungeon Crawl Stone Soup version 0.30-a0-726-gd89dcf765f (webtiles) character file.

Game seed: 3520481002331139905

115 porpoise the Shooter (level 5, 0/41 HPs)
             Began as a Human Hunter on Jan 30, 2023.
             Slain by an orc
             ... wielding a +0 flail
              (3 damage)
             ... on level 6 of the Dungeon.
             The game lasted 00:06:00 (1867 turns).

porpoise the Shooter (Human Hunter)                 Turns: 1867, Time: 00:06:00

Health: 0/41       AC:  5    Str: 11    XL:     5   Next: 20%
Magic:  5/5        EV: 16    Int:  9    God:
Gold:   135        SH:  0    Dex: 19    Spells: 4/4 levels left

rFire   . . .      SeeInvis .    a - +0 shortbow
rCold   . . .      Faith    .    (shield currently unavailable)
rNeg    . . .      Spirit   .    f - +0 ring mail
rPois   .          Reflect  .    (no helmet)
rElec   .          Harm     .    (no cloak)
rCorr   .          Rampage  .    (no gloves)
Will    .....                    (no boots)
Stlth   ++                       (no amulet)
HPRegen 0.26/turn                g - +5 ring of evasion
MPRegen 0.09/turn                (no ring)

@: no status effects
A: no striking features
a: no special abilities


You were on level 6 of the Dungeon.
You visited 1 branch of the dungeon, and saw 4 of its levels.

You collected 135 gold pieces.

Inventory:

Hand Weapons
 a - a +0 shortbow (weapon)
 b - a +0 short sword
Missiles
 d - 4 boomerangs
Armour
 c - a +0 leather armour
 f - a +0 ring mail (worn)
Jewellery
 g - a +5 ring of evasion (left hand)
Scrolls
 h - a scroll of enchant armour {unknown}
 i - a scroll of amnesia {unknown}
 j - a scroll of immolation
 k - 2 scrolls of enchant weapon {unknown}
 p - a scroll of magic mapping {unknown}
 q - a scroll of acquirement {unknown}
Potions
 e - 3 potions of curing
 l - a potion of cancellation
 n - a potion of berserk rage
 o - a potion of lignification
 r - a potion of degeneration {unknown}
 s - a potion of mutation {unknown}
 t - a potion of ambrosia {unknown}


   Skills:
 + Level 3.0 Fighting
 * Level 5.1 Ranged Weapons
 - Level 2.0 Dodging
 + Level 2.5 Stealth


You had 4 spell levels left.
You didn't know any spells.
Your spell library contained the following spells:

 Spells                   Type           Power      Damage    Failure   Level
 Necrotise                Necr           0%         1d4       69%         1
 Vampiric Draining        Necr           0%         2d6       96%         3
 Agony                    Necr           0%         N/A       100%        5


Dungeon Overview and Level Annotations

Branches:
Dungeon (3/15)

Altars:
Wu Jian

Shops:
D:1 :


Message History

Aim: an iguana (68% to hit)
You shoot an arrow.
The arrow hits the iguana but does no damage.
The iguana barely misses you. The orc hits you with a +0 flail.
Fire: a) +0 shortbow
Press: ? - help, Q - select action, (/) - cycle Shift-Dir - straight line, f/p - iguana
Aim: an iguana (68% to hit)
You shoot an arrow. The arrow closely misses the iguana.
The orc closely misses you. x2; The iguana misses you.
The iguana closely misses you. The orc misses you.
The orc hits you with a +0 flail!
Fire: a) +0 shortbow
Press: ? - help, Q - select action, (/) - cycle Shift-Dir - straight line, f/p - iguana
Aim: an iguana (68% to hit)
You shoot an arrow. The arrow hits the iguana!
The iguana is heavily wounded.
The iguana bites you! The orc closely misses you. The orc misses you.
Fire: a) +0 shortbow
Press: ? - help, Q - select action, (/) - cycle Shift-Dir - straight line, f/p - iguana
Aim: an iguana (heavily wounded, 68% to hit)
You shoot an arrow. The arrow hits the iguana!
The iguana is almost dead.
The orc closely misses you. The orc hits you with a +0 club.
The iguana barely misses you. The iguana bites you.
The orc barely misses you. x2
Fire: a) +0 shortbow
Press: ? - help, Q - select action, (/) - cycle Shift-Dir - straight line, f/p - iguana
Aim: an iguana (almost dead, 68% to hit)
You shoot an arrow. The arrow closely misses the iguana.
The iguana closely misses you. The orc barely misses you.
The orc closely misses you.
Fire: a) +0 shortbow
Press: ? - help, Q - select action, (/) - cycle Shift-Dir - straight line, f - orc, p - iguana
Aim: an orc, wielding a +0 flail and wearing a +0 ring mail (heavily wounded, 68% to hit)
You shoot an arrow.
The arrow hits the orc but does no damage.
The orc is heavily wounded.
The iguana bites you!
* * * LOW HITPOINT WARNING * * *
The orc hits you with a +0 flail.
You die...

.........#
.........#
..........#
..........#
........).#
........n.#
.......loo#
.....)..@.#
..........#
..........#
..........#
.##########


You could see a necrophage, an iguana and 2 orcs.

Vanquished Creatures
  An orc wizard (D:6)
  3 gnolls
  2 adders
  A worm (D:2)
  An orc (D:6)
  3 endoplasms
  3 giant cockroaches
  3 goblins
  6 hobgoblins
  4 jackals
  A quokka (D:2)
  4 bats
  2 frilled lizards
  3 kobolds
  A rat (D:2)
38 creatures vanquished.

Notes
Turn   | Place    | Note
-------+----------+-------------------------------------------
     0 | D:1      | porpoise the Human Hunter began the quest for the Orb.
     0 | D:1      | Reached XP level 1. HP: 16/16 MP: 1/1
   271 | D:1      | Found Tyakoz's Book Emporium.
   295 | D:1      | Reached XP level 2. HP: 22/22 MP: 2/2
   717 | D:2      | Reached XP level 3. HP: 28/28 MP: 3/3
  1299 | D:1      | Reached XP level 4. HP: 18/34 MP: 4/4
  1737 | D:3      | Reached skill level 5 in Ranged Weapons
  1805 | D:3      | Found an ornate altar of the Wu Jian Council.
  1848 | D:3      | You fall into a shaft and drop 3 floors!
  1860 | D:6      | Noticed a necrophage
  1862 | D:6      | Reached XP level 5. HP: 41/41 MP: 5/5
  1867 | D:6      | Slain by an orc

Illustrated notes

Levels and vault maps discovered:
D:1:      wander_arrival_abandoned_jail, layout_rooms, serial_shops, shop
D:2:      layout_loops_ring, minmay_puff
D:3:      layout_basic, nicolae_gozag_cash_rules_everything_around_me,
          elyvilon_altar_3, nicolae_overflow_hidden_temple,
          mainiacjoe_overflow_six_doors_small,
          nicolae_concentric_dashed_squares_mild
D:6:      layout_basic, mainiacjoe_overflow_brackets,
          chequers_ossuary_entry_cave

Skill      XL: |  1  2  3  4 |
---------------+-------------+-----
Stealth        | 2 |  2.5
Ranged Weapons | 5 |  5.1
Fighting       | 3 |  3.0
Dodging        | |  2.0

Action                     |  1- 3 |  4- 6 || total
---------------------------+-------+-------++-------
   Fire: Shortbow          |    62 |    54 ||   116
    Use: Scroll            |       |     4 ||     4
 Armour: Leather armour    |     2 |       ||     2
         Ring mail         |    17 |     3 ||    20
  Dodge: Dodged            |    49 |    33 ||    82

Table legend: (Time is in decaauts)
 A = Elapsed time spent in this place.
 B = Non-inter-level travel time spent in this place.
 C = Inter-level travel time spent in this place.
 D = Time resting spent in this place.
 E = Time spent auto-exploring this place.
 F = Levels seen in this place.
 G = Mean time per level.
                   A        B        C        D        E       F      G
               +--------+--------+--------+--------+--------+-----+--------+
         Total |   1912 |   1789 |    123 |    273 |   1175 |   4 |  478.0 |
       Dungeon |   1912 |   1789 |    123 |    273 |   1175 |   4 |  478.0 |
               +--------+--------+--------+--------+--------+-----+--------+

Top non-repeatable levels by time:
     D:2: 1062 daAuts
     D:1: 639 daAuts
     D:3: 188 daAuts
     D:6: 23 daAuts
